 Dungeon Crawl Stone Soup version 0.24.0-123-gd5b16e6ec5 (webtiles) character file.

Game seed: 5164542079243877453, levelgen mode: deterministic

36976 hazymike the Carver (level 13, -5/94 HPs)
             Began as an Octopode Berserker on Feb 9, 2020.
             Was a High Priest of Trog.
             Slain by a spiny frog (11 damage)
             ... on level 5 of the Lair of Beasts.
             The game lasted 01:56:44 (19228 turns).

hazymike the Carver (Octopode Berserker)           Turns: 19228, Time: 01:56:45

Health: -5/94      AC:  1    Str: 16    XL:     13   Next: 93%
Magic:  13/13      EV: 21    Int: 10    God:    Trog [*****.]
Gold:   951        SH:  5    Dex: 16    Spells: 12/12 levels left

rFire    + . .     SeeInvis .   b - +1 scimitar (elec)
rCold    + . .     Gourm    .   D - -1 buckler (curse)
rNeg     + + +     Faith    .   (helmet restricted)
rPois    +         Spirit   .   M - amulet of regeneration
rElec    .         Reflect  .   g - ring of positive energy
rCorr    .         Harm     .   y - ring of positive energy
MR       .....                  L - ring of stealth
Stlth    ++++++++..             N - ring of poison resistance
HPRegen  0.65/turn              P - ring of positive energy
MPRegen  0.13/turn              K - ring of flight
                                W - ring of protection from fire
                                Z - ring of protection from cold

@: no status effects
A: almost no armour, stealthy swim, amphibious, 8 rings, constrict 8, camouflage
1, gelatinous body 1
a: Berserk, Trog's Hand, Brothers in Arms, Renounce Religion, Evoke Flight


You were on level 5 of the Lair of Beasts.
You worshipped Trog.
Trog was extremely pleased with you.
You were not hungry.

You visited 2 branches of the dungeon, and saw 16 of its levels.

You collected 951 gold pieces.

Inventory:

Hand Weapons
 a - a +2 dagger of electrocution
 b - a +1 scimitar of electrocution (weapon)
 v - a +1 rapier of draining
Missiles
 f - 2 throwing nets
 l - 90 poisoned darts (quivered)
 G - 17 boomerangs
Armour
 D - a cursed -1 buckler (worn)
 R - a +0 shield
Jewellery
 g - a ring of positive energy (left tentacle)
 y - a ring of positive energy (right tentacle)
 K - a ring of flight (on tentacle)
 L - a ring of stealth (on tentacle)
 M - an amulet of regeneration (around mantle)
 N - a ring of poison resistance (on tentacle)
 P - a ring of positive energy (on tentacle)
 W - a ring of protection from fire (on tentacle)
 Z - a ring of protection from cold (on tentacle)
Wands
 k - a wand of clouds (13)
 q - a wand of iceblast (19)
 w - a wand of polymorph (6)
 z - a wand of paralysis (22)
 B - a wand of digging (6)
 Q - a wand of flame (16)
 T - a wand of random effects (23)
Scrolls
 h - 4 scrolls of fear {unknown}
 j - 5 scrolls of blinking {unknown}
 s - 5 scrolls of immolation
 u - 5 scrolls of magic mapping {unknown}
 x - 2 scrolls of enchant weapon
 A - 5 scrolls of remove curse
 E - 2 scrolls of fog {unknown}
 F - 4 scrolls of amnesia {unknown}
 H - 4 scrolls of teleportation {unknown}
 I - 3 scrolls of enchant armour {unknown}
 S - a scroll of summoning {unknown}
 V - 2 scrolls of identify
 Y - a scroll of brand weapon {unknown}
Potions
 c - a potion of mutation {unknown}
 e - 7 potions of curing
 i - 4 potions of brilliance
 n - 3 potions of agility
 p - 7 potions of might
 r - a potion of cancellation
 t - 4 potions of flight
 C - 5 potions of lignification
 J - 3 potions of haste
 X - a potion of resistance {unknown}
Miscellaneous
 O - 2 sacks of spiders
Comestibles
 d - 5 chunks of flesh
 m - 32 rations


   Skills:
 + Level 10.9 Fighting
 - Level 14.0 Long Blades
 + Level 10.8 Dodging
 + Level 12.1 Stealth
 + Level 8.6 Shields


You had 12 spell levels left.
You didn't know any spells.
Your spell library was empty.

Dungeon Overview and Level Annotations

Branches:
Dungeon (11/15)            Temple (0/1) D:4            Lair (5/6) D:8
 Shoals (0/4) Lair:2        Snake (0/4) Lair:2        Slime (0/5) Lair:5
    Orc (0/2) D:9

Altars:
Hepliaklqana
Kikubaaqudgha
Makhleb
Ru
Trog
Vehumet
The Shining One
Jiyva

Shops:
D:6 (

Annotations:
D:3 exclusion: black bear
D:4 exclusion: moth of wrath
D:8 3 runed translucent doors, exclusion: centaur, Britaniac's ghost, novice NaWz; Ink's ghost, novice GnWz; solus13's ghost, novice DsCj
D:10 1 runed translucent door, votol's ghost, novice DEFE
Lair:4 exclusion: 3 oklob plants
Lair:5 exclusion: 3 blink frogs


Innate Abilities, Weirdness & Mutations

You cannot wear most types of armour.
You are very stealthy in the water. (Stealth+)
You are amphibious.
You can wear up to eight rings at the same time.
You can use your tentacles to constrict eight enemies at once.
Your skin changes colour to match your surroundings (Stealth+).
Your rubbery body absorbs attacks. (AC +1, EV +1)


Message History

The electric eel shoots out a bolt of lightning at you!
The bolt of electricity misses you. You block the spiny frog's attack.
The electric eel shoots out a bolt of lightning at you!
The bolt of electricity hits the electric eel.
The electric eel completely resists.
The bolt of electricity misses you.
The electric eel shoots out a bolt of lightning at you!
The bolt of electricity hits you!
* * * LOW HITPOINT WARNING * * *
The spiny frog barely misses you. The spiny frog barely misses you.
You riposte.
You closely miss the spiny frog. You grab the spiny frog.
Your squeeze misses the spiny frog.
You release your grip on the spiny frog.
The electric eel shoots out a bolt of lightning at you!
The bolt of electricity hits you!
* * * LOW HITPOINT WARNING * * *
The spiny frog completely misses you.
Okay, then.
The spiny frog closely misses you. The spiny frog stings you!
You die...

##### #........##.###..
###.....#######.# ≈...##.#.P..#
#..## . #P.≈ ##....## ##.#.
♣.♣♣♣♣♣♣♣≈≈ ♣#≈#.P## ##P<##
♣≈≈♣≈PP≈≈≈♣♣♣≈≈...## #((..#
♣P♣♣♣≈♣P≈≈≈≈PPP♣P♣≈≈≈.# ##.÷.##
P♣≈♣P≈P≈≈≈≈≈≈≈≈P≈P≈♣♣♣≈####...###
≈≈≈≈≈≈≈≈≈≈≈≈≈≈♣F@≈P≈♣≈###..#...##
≈≈≈♣≈≈≈≈≈;≈≈≈≈≈≈≈≈≈P≈♣♣###.......
≈≈≈≈≈≈≈≈≈≈≈;≈≈≈≈≈≈≈P≈≈≈♣.........
≈P≈≈≈≈≈≈≈≈≈≈≈≈≈≈≈≈≈≈≈PP♣.........
≈≈≈≈≈≈≈≈≈≈≈÷≈≈≈≈≈≈≈≈P≈≈≈≈........
♣≈≈≈≈≈≈≈≈≈≈≈≈≈≈≈≈≈P≈♣♣♣≈.#.......
≈P≈≈≈≈≈≈≈≈≈÷≈≈P≈♣≈≈≈♣♣##.........
♣≈≈≈P≈P≈≈≈≈≈♣P≈≈≈P♣≈PP.#.........
♣≈♣♣≈♣≈≈P♣≈≈≈P≈♣≈♣♣P≈............


You could see a spiny frog and 2 electric eels.

Vanquished Creatures
  Kirke (Lair:5)
  Harold (Lair:2)
  6 hydras
  2 two-headed ogres (D:11)
  A catoblepas (Lair:1)
  6 death yaks
  An orc knight (D:11)
  5 elephants (Lair:5)
  4 black mambas
  A merfolk siren (Lair:2)
  Maurice (D:9)
  4 spiny frogs
  6 komodo dragons
  4 trolls
  A merfolk (Lair:2)
  A queen bee (Lair:2)
  5 blink frogs
  12 hippogriffs
  2 wraiths
  A wyvern (Lair:1)
  A basilisk (Lair:2)
  2 hogs (Lair:5)
  12 yaks
  A hungry ghost (D:11)
  Edmund (D:6)
  12 water moccasins
  A floating eye (Lair:4)
  6 porcupines
  6 orc warriors
  2 sky beasts
  A phantom (D:5)
  5 ogres
  2 black bears
  5 ice beasts
  2 necrophages (D:11)
  14 wolves (Lair:2)
  5 centaurs
  5 crocodiles
  2 big kobolds (D:11)
  A wyvern zombie (D:9)
  20 bullfrogs
  3 scorpions
  10 wights
  30 killer bees
  3 howler monkeys
  3 electric eels
  3 crimson imps
  A centaur zombie (D:5)
  A jelly (D:9)
  A bullfrog zombie (D:10)
  3 hounds
  A quasit (D:10)
  2 orc priests
  A bullfrog skeleton (D:11)
  3 centaur skeletons
  2 iguanas
  12 orc wizards
  10 worker ants
  A killer bee zombie (D:7)
  A hound zombie (D:9)
  2 worker ant zombies
  19 adders
  A shadow imp (D:6)
  An adder skeleton (D:4)
  3 worms
  2 dart slugs (D:1)
  12 leopard geckos
  37 orcs
  7 giant cockroaches
  8 goblins
  5 hobgoblins
  10 jackals
  6 quokkas
  6 ball pythons
  7 bats
  10 frilled lizards
  A jackal skeleton (D:4)
  19 kobolds
  A leopard gecko skeleton (D:9)
  12 rats
  A plant (Lair:5)
432 creatures vanquished.

Vanquished Creatures (others)
  A human (Lair:5)
  5 fungi
  14 plants
  4 withered plants (D:8)
24 creatures vanquished.

Grand Total: 456 creatures vanquished

Notes
Turn   | Place    | Note
-------+----------+-------------------------------------------
     0 | D:1      | hazymike the Octopode Berserker began the quest for the
                  | Orb.
     0 | D:1      | Reached XP level 1. HP: 16/16 MP: 1/1
   143 | D:1      | Reached XP level 2. HP: 21/21 MP: 2/2
   732 | D:1      | Reached XP level 3. HP: 26/26 MP: 3/3
   930 | D:2      | Reached ** piety under Trog
  1008 | D:2      | Reached skill level 4 in Long Blades
  1012 | D:2      | Reached XP level 4. HP: 31/31 MP: 4/4
  1346 | D:2      | Found a burning altar of Makhleb.
  1346 | D:2      | Found a radiant altar of Vehumet.
  1414 | D:2      | Found a glowing golden altar of the Shining One.
  1651 | D:3      | Noticed a black bear
  1716 | D:3      | Noticed a bullfrog
  1722 | D:3      | Killed a bullfrog
  1722 | D:3      | Reached XP level 5. HP: 37/37 MP: 5/5
  1806 | D:3      | Found a hazy altar of Hepliaklqana.
  2021 | D:4      | Reached *** piety under Trog
  2024 | D:4      | Reached skill level 5 in Long Blades
  2074 | D:4      | Got an encrusted whip
  2075 | D:4      | Identified the +4 whip "Tiseff" {slash, Int+4 Dex+5} (You
                  | found it on level 4 of the Dungeon)
  2114 | D:4      | Reached XP level 6. HP: 43/43 MP: 6/6
  2532 | D:4      | Found a staircase to the Ecumenical Temple.
  2754 | D:4      | Noticed a moth of wrath
  2757 | D:4      | Found a bloodstained altar of Trog.
  2876 | D:5      | Entered Level 5 of the Dungeon
  2880 | D:5      | Noticed an ice beast
  2917 | D:5      | Reached XP level 7. HP: 49/49 MP: 7/7
  2923 | D:5      | Reached skill level 6 in Long Blades
  3054 | D:5      | You fall into a shaft and drop 2 floors!
  3125 | D:7      | Reached skill level 5 in Fighting
  3125 | D:7      | Reached skill level 5 in Dodging
  3500 | D:6      | Noticed Edmund
  3718 | D:6      | Reached XP level 8. HP: 55/55 MP: 8/8
  3755 | D:6      | Reached skill level 7 in Long Blades
  3885 | D:5      | Reached **** piety under Trog
  3948 | D:5      | Found an ancient bone altar of Kikubaaqudgha.
  4825 | D:6      | Found a sacrificial altar of Ru.
  4872 | D:6      | Reached skill level 8 in Long Blades
  5373 | D:6      | Reached XP level 9. HP: 62/62 MP: 9/9
  5374 | D:6      | Found Othru's Antique Weapon Boutique.
  5377 | D:6      | Killed Edmund
  5605 | D:7      | Reached skill level 9 in Long Blades
  5605 | D:7      | Reached skill level 1 in Stealth
  6369 | D:8      | Reached skill level 1 in Shields
  6518 | D:8      | Found a runed translucent gate.
  6576 | D:8      | Found a runed translucent gate.
  6576 | D:8      | Found a runed translucent gate.
  6576 | D:8      | Noticed Britaniac's ghost (novice NaWz)
  6577 | D:8      | Noticed Ink's ghost (novice GnWz)
  6577 | D:8      | Noticed solus13's ghost (novice DsCj)
  6597 | D:8      | Reached ***** piety under Trog
  7282 | D:8      | Found a staircase to the Lair.
  8642 | D:8      | Found a runed translucent gate.
  8642 | D:8      | Found a runed translucent gate.
  8643 | D:8      | Found a runed translucent gate.
  9059 | D:8      | Found a staircase to the Lair.
  9314 | D:9      | Found a staircase to the Orcish Mines.
  9402 | D:9      | Reached XP level 10. HP: 71/71 MP: 10/10
  9516 | D:9      | Noticed Maurice
  9527 | D:9      | Killed Maurice
  9527 | D:9      | Reached skill level 10 in Long Blades
 10279 | D:9      | Got a warped hunting sling
 10280 | D:9      | Identified the +5 hunting sling of Ygogak {freeze, Fragile
                  | rC+++ Dex+9} (You found it on level 9 of the Dungeon)
 10361 | D:9      | Reached skill level 5 in Stealth
 10436 | D:10     | Entered Level 10 of the Dungeon
 10548 | D:10     | Found a runed translucent door.
 10550 | D:10     | Noticed votol's ghost (novice DEFE)
 10551 | D:10     | Identified the +1 trident of Weussom {pierce, MR+}
 10552 | D:10     | Noticed a spriggan rider
 10927 | D:10     | Found a burning altar of Makhleb.
 10970 | D:10     | Received a gift from Trog
 11303 | D:10     | Reached XP level 11. HP: 77/77 MP: 11/11
 11325 | D:10     | Reached skill level 11 in Long Blades
 11502 | D:11     | Noticed a two-headed ogre
 11602 | D:11     | Noticed an orc knight
 11668 | D:11     | Killed an orc knight
 12055 | D:11     | Reached skill level 5 in Shields
 12118 | D:11     | Noticed a two-headed ogre
 12129 | D:11     | Killed a two-headed ogre
 12483 | D:11     | Killed a two-headed ogre
 12631 | Lair:1   | Entered Level 1 of the Lair of Beasts
 13163 | Lair:1   | Received a gift from Trog
 13164 | Lair:1   | Got a bloodstained dagger {god gift}
 13166 | Lair:1   | Identified the +3 dagger of Egalitarianism {drain, Fragile
                  | rElec rPois rF+} (Trog gifted it to you on level 1 of the
                  | Lair of Beasts)
 13423 | Lair:1   | Reached skill level 12 in Long Blades
 13642 | Lair:2   | Noticed a four-headed hydra
 13665 | Lair:2   | Killed a six-headed hydra
 13665 | Lair:2   | Reached XP level 12. HP: 46/85 MP: 12/12
 13965 | Lair:2   | Noticed a catoblepas
 14070 | Lair:1   | Killed a catoblepas
 14259 | Lair:2   | Found a staircase to the Shoals.
 14289 | Lair:2   | Noticed Harold
 14306 | Lair:2   | Killed Harold
 14824 | Lair:2   | Reached skill level 10 in Stealth
 14841 | Lair:2   | Found a staircase to the Snake Pit.
 14874 | Lair:2   | Reached skill level 13 in Long Blades
 15378 | Lair:3   | Noticed a five-headed hydra
 15509 | Lair:3   | Killed a five-headed hydra
 15933 | Lair:3   | Received a gift from Trog
 15933 | Lair:3   | Reached XP level 13. HP: 92/92 MP: 13/13
 16149 | Lair:3   | Reached skill level 10 in Fighting
 16457 | Lair:4   | Reached skill level 10 in Dodging
 17608 | Lair:5   | Noticed Kirke
 17659 | Lair:4   | Paralysed by a floating eye for 2 turns
 18205 | Lair:4   | Reached skill level 14 in Long Blades
 18382 | Lair:5   | Killed Kirke
 18478 | Lair:5   | Found a staircase to the Slime Pits.
 18480 | Lair:5   | Found a viscous altar of Jiyva.
 19225 | Lair:5   | HP: 4/94 [electric eel/bolt of electricity (11)]
 19228 | Lair:5   | Slain by a spiny frog

Levels and vault maps discovered:
D:1:      minmay_arrival_three_doors, layout_basic
D:2:      layout_rooms, gammafunk_temple_overflow_statue,
          nicolae_tso_swordbearing_angel, first_ration,
          kennysheep_big_empty_room
D:3:      layout_basic, old_standard_altar
D:4:      layout_rooms, tgw_trog, minmay_temple_entry_stoned_glass,
          grunt_decor_arrowhead, minmay_misc_feat_roman, solitary_fountain,
          minivault_4, chequers_serial_rivers_micro_a
D:5:      layout_cave_pools, basic_altar, serial_column_ruins, column_ruins_hut,
          column_ruins_grid_1, column_ruins_columns_dead_end,
          column_ruins_open_tiny, column_ruins_columns_T
D:6:      layout_loops_ring, nicolae_ru_awakened_eye, serial_shops, shop,
          uniq_edmund
D:7:      layout_cave_pools
D:8:      nicolae_whirlpool, layout_basic, lair_entry_dummy,
          serial_corexii_hall, corexii_hall_statues_u, corexii_hall_statues_i,
          chequers_hall_statues_corner_a, corexii_hall_statues_u,
          gammafunk_ghost_cemetery
D:9:      minmay_opposing_rooms, layout_basic, orc_0_dummy, uniq_maurice
D:10:     layout_irregular_city, ebering_ghost_funeral_grove, basic_altar
D:11:     layout_loops_ring
Lair:1:   layout_cave_pods
Lair:2:   layout_roguey [special_room_bee], elwin_shoals_entry_rooms,
          minmay_snake_entry_six_corridors, uniq_harold
Lair:3:   layout_small_grid, beast_lair_carwin_5
Lair:4:   layout_regular_city, disabler_island
Lair:5:   layout_cave_pods, slime_altar_1, serial_bayou_lake_a,
          grunt_megastairs_5, infiniplex_staircase_pool_2, uniq_kirke

Skill      XL: |  1  2  3  4  5  6  7  8  9 10 11 12 13 |
---------------+----------------------------------------+-----
Long Blades    | 4 5 6 8 9 10 12 13 14 | 14.0
Fighting       | 4 5 6 7 8 9 10 | 10.9
Dodging        | 4 5 6 7 8 9 10 | 10.8
Stealth        | 3 6 8 10 12 | 12.1
Shields        | 2 4 6 7 8 |  8.6

Action                   |  1- 3 |  4- 6 |  7- 9 | 10-12 | 13-15 || total
-------------------------+-------+-------+-------+-------+-------++-------
Melee: Falchion          |    11 |       |       |       |       ||    11
       Constrict         |    11 |    20 |    38 |    93 |    10 ||   172
       Tentacles         |     6 |    16 |    42 |   112 |    45 ||   221
       Dagger            |    11 |    79 |   234 |   159 |    28 ||   511
       Scimitar          |       |       |       |   316 |   126 ||   442
       Rapier            |       |       |       |    10 |    15 ||    25
Throw: Boomerang         |    65 |    89 |       |       |       ||   154
       Dart              |       |    10 |    59 |    23 |    11 ||   103
Invok: Berserk           |       |     5 |     9 |    15 |     5 ||    34
  Use: Scroll            |       |     6 |     6 |     6 |       ||    18
       Potion            |       |       |       |     2 |     1 ||     3
 Stab: Sleeping          |     1 |     2 |    12 |    25 |    16 ||    56
       Distracted        |       |       |       |     2 |     2 ||     4
  Eat: Chunk             |       |    11 |    23 |    34 |    11 ||    79
       Ration            |       |       |     2 |       |     1 ||     3
Armor: Skin              |     3 |     6 |     3 |     5 |     1 ||    18
Dodge: Dodged            |    11 |    38 |    77 |   284 |    83 ||   493
Block: Buckler           |       |       |     5 |    58 |    20 ||    83
       Rpst.: Falchion   |     2 |       |       |       |       ||     2
       Scimitar          |       |       |       |    49 |    11 ||    60
